AoeStats
← Pab Mienko

Arabia

508339717Analyzed
1v1 RM · 10d ago on Sep 22, 2026· 32m 27s· 2 players
Game mode
Random Map
Map size
Tiny (2 player)
Population
200
Speed
Normal
Resources
Standard
Victory
Conquest
Starting age
Dark Age
Ending age
Imperial Age
RankedLock teamsTeams togetherTeam positionsShared explorationLock speedFull tech treeHidden civsTurbo modeCheats
Victory
Defeat
🇹🇷 Ethiopians · Türkiye
924
+18
🇲🇽 Goths · Mexico
975
-18
El_Aprendiz
10:52 Feudal Age
9:08 Loom
12:39 Man-at-Arms
17:56 Castle Age
17:20 Fletching
30:43 Forging
Pab Mienko
8:13 Loom
10:24 Feudal Age
16:15 Double-Bit Axe
23:06 Castle Age
24:50 Horse Collar
25:47 Wheelbarrow
25:06 Fletching
27:02 Bow Saw
26:44 Gold Mining
26:45 Stone Mining
27:25 Murder Holes
28:21 Hand Cart
27:51 Town Watch
29:48 Town Patrol
30:12 Heavy Plow
Connection lost

Rejoining the realm…

Still unreachable

The connection could not be restored.

Session expired

The server has moved on; the page needs a fresh start.